 Dungeon Crawl Stone Soup version 0.16.2-3-ga078185 (webtiles) character file.

226 gorblad the Cudgeler (level 6, -3/66 HPs)
             Began as an Ogre Chaos Knight on Sept 8, 2015.
             Slain by a worm (11 damage)
             ... on level 3 of the Dungeon.
             The game lasted 00:06:41 (1664 turns).

gorblad the Cudgeler (Ogre Chaos Knight)            Turns: 1664, Time: 00:06:41

Health: -3/66      AC:  6    Str: 20    XL:     6   Next: 1%
Magic:  6/6        EV:  5    Int: 11    God:    Xom [..*...]
Gold:   189        SH: 13    Dex:  9    Spells: 0 memorised, 5 levels left

rFire  . . .     SeeInvis .     a - +0 mace (chaos)
rCold  . . .     Clarity  .     b - +2 robe
rNeg   . . .     SustAb   .     g - +1 large shield
rPois  .         Gourm    .     (helmet restricted)
rElec  .         Spirit   .     l - +0 cloak
rCorr  .         Warding  .     (gloves unavailable)
rMut   .         Stasis   .     (boots unavailable)
MR     .....                    (no amulet)
Stlth  +.........               (no ring)
                                (no ring)

@: not resistant to hostile enchantments, very unstealthy
A: unfitting armour, tough skin 1
a: Renounce Religion


You were on level 3 of the Dungeon.
You worshipped Xom.
You were a toy of Xom.
You were not hungry.

You visited 1 branch of the dungeon, and saw 3 of its levels.

You collected 189 gold pieces.

Inventory:

Hand weapons
 a - a +0 mace of chaos (weapon)
Missiles
 o - 2 tomahawks (quivered)
Armour
 b - a +2 robe (worn)
 g - a +1 large shield (worn)
 l - a +0 cloak (worn)
Magical devices
 p - a wand of lightning (4)
 q - a wand of enslavement (19)
Scrolls
 d - a scroll of fog {unknown}
 i - a scroll of teleportation {unknown}
 j - 3 scrolls of identify
Potions
 e - 5 potions of curing
 m - a potion of cancellation
 n - a potion of degeneration {unknown}
Books
 k - a book of Flames

   Spells                             Type                      Level
   a - Flame Tongue                   Conjuration/Fire             1
   b - Throw Flame                    Conjuration/Fire             2
   c - Conjure Flame                  Conjuration/Fire             3
   d - Inner Flame                    Hexes/Fire                   3
   e - Sticky Flame                   Conjuration/Fire             4
   f - Fireball                       Conjuration/Fire             5
Comestibles
 c - a meat ration
 f - a fruit
 h - 2 bread rations


   Skills:
 + Level 5.4 Fighting
 + Level 5.5 Maces & Flails
 + Level 1.9 Armour
 + Level 2.6 Dodging
 + Level 1.8 Shields


You had 5 spell levels left.
You didn't know any spells.

Dungeon Overview and Level Annotations

Branches:
Dungeon (3/15)

Altars:
Cheibriados
Vehumet
The Shining One


Innate Abilities, Weirdness & Mutations

You are too large for most types of armour.
You have tough skin (AC +1).


Message History

A worm comes into view.
Things that are here:
27 arrows; 12 gold pieces The worm bites you!
* * * LOW HITPOINT WARNING * * *
Found a stone staircase leading down.
You are too injured to fight recklessly!
You are too injured to fight recklessly!
You are too injured to fight recklessly!
You are too injured to fight recklessly!
You hit the worm.
You feel better.
The worm is lightly wounded.
You barely miss the worm.
The worm is lightly wounded.
The worm bites you.
* * * LOW HITPOINT WARNING * * *
You hit the worm.
The worm is moderately wounded.
The worm bites you!
You die...

........##...... .
.....##......# >.
.....##(.....# .#
.....##.(....# .#
.....##....### .#
.....##..)%######.####
#######..............#
#..............#
#.......(.@w...#
#..............#
#..............#
#..........$...#
#.############## #.#
#.# #.# #.#


You could see a worm.

Vanquished Creatures
  The ghost of gorblad the Slasher, an average DsGl (D:3)
  Natasha (D:3)
  3 adders (D:2)
  3 giant mites
  2 worms
  4 giant geckos
  An ooze (D:2)
  5 giant cockroaches (D:1)
  4 goblins
  3 hobgoblins (D:1)
  2 jackals (D:1)
  A quokka (D:3)
  A ball python (D:3)
  11 bats
  3 giant newts
  11 kobolds
  6 rats
62 creatures vanquished.

Vanquished Creatures (others)
  A rat zombie (D:1)
1 creature vanquished.

Grand Total: 63 creatures vanquished

Notes
Turn   | Place    | Note
--------------------------------------------------------------
     0 | D:1      | gorblad, the Ogre Chaos Knight, began the quest for the Orb.
     0 | D:1      | Reached XP level 1. HP: 24/24 MP: 1/1
    25 | D:1      | Reached XP level 2. HP: 20/33 MP: 2/2
   194 | D:1      | Reached XP level 3. HP: 41/41 MP: 3/3
   199 | D:1      | Reached skill level 5 in Fighting
   266 | D:1      | XOM: divination: magic mapping
   289 | D:1      | XOM: silly message
   329 | D:1      | Reached skill level 1 in Armour
   401 | D:1      | XOM: colour smoke trail
   478 | D:2      | Reached XP level 4. HP: 38/50 MP: 4/4
   513 | D:2      | XOM: colour smoke trail
   585 | D:2      | XOM: harmless Ice miscast
   595 | D:2      | Reached skill level 5 in Maces & Flails
   600 | D:2      | Found a snail-covered altar of Cheibriados.
   609 | D:2      | Found a glowing golden altar of the Shining One.
   616 | D:2      | Found a radiant altar of Vehumet.
   882 | D:2      | Reached skill level 1 in Shields
  1215 | D:2      | XOM: divination: detect creatures
  1224 | D:2      | XOM: harmless Summ miscast
  1539 | D:3      | Reached XP level 5. HP: 47/57 MP: 5/5
  1582 | D:3      | Noticed Natasha
  1595 | D:3      | XOM: silly message
  1596 | D:3      | Killed Natasha
  1614 | D:3      | Noticed gorblad's ghost (average DsGl)
  1636 | D:3      | Killed gorblad's ghost
  1636 | D:3      | Reached XP level 6. HP: 15/66 MP: 6/6
  1664 | D:3      | Slain by a worm

Action                   |  1- 3 |  4- 6 || total
-------------------------+-------+-------++-------
Melee: Mace              |    70 |   155 ||   225
  Use: Scroll            |     2 |     5 ||     7
 Stab: Confused          |     1 |       ||     1
       Paralysed         |       |     8 ||     8
  Eat: Royal jelly       |       |     1 ||     1
       Fruit             |       |     1 ||     1
       Chunk             |       |     1 ||     1
